 Dungeon Crawl Stone Soup version 0.29.1-1-gd02db6906a (webtiles) character file.

Game seed: 5973449415752823625

1754 Ashen the Chiller (level 8, 0/58 HPs)
             Began as a Demonspawn Ice Elementalist on Oct 20, 2022.
             Slain by a gnoll
             ... wielding a +0 halberd
             ... led by a gnoll sergeant
              (3 damage)
             ... on level 6 of the Dungeon.
             The game lasted 00:12:31 (6801 turns).

Ashen the Chiller (Demonspawn Ice Elementalist)     Turns: 6801, Time: 00:12:32

Health: 0/58       AC:  9    Str:  8    XL:     8   Next: 78%
Magic:  15/15      EV: 14    Int: 19    God:
Gold:   160        SH:  0    Dex: 14    Spells: 5/16 levels left

rFire   + . .      SeeInvis .   B - +0 war axe
rCold   . . .      Faith    .   (no shield)
rNeg    . . .      Spirit   .   p - +1 robe {rF+}
rPois   .          Reflect  .   k - +2 hat
rElec   .          Harm     .   g - +1 cloak
rCorr   .          Rampage  .   w - +1 pair of gloves
Will    .....                   (no boots)
Stlth   +++.......              (no amulet)
HPRegen 0.19/turn               (no ring)
MPRegen 0.28/turn               (no ring)

@: no status effects
A: hooves 1, spiny 2, magic regeneration
a: no special abilities


You were on level 6 of the Dungeon.
You visited 1 branch of the dungeon, and saw 6 of its levels.

You collected 268 gold pieces.
You spent 108 gold pieces at shops.

Inventory:

Hand Weapons
 l - a +1 dagger of venom
 B - a +0 war axe (weapon)
Armour
 g - a +1 cloak (worn)
 k - a +2 hat (worn)
 p - a +1 robe of fire resistance (worn)
 t - a +0 buckler
 w - a +1 pair of gloves (worn)
Wands
 r - a wand of flame (22)
Scrolls
 a - a scroll of immolation {unknown}
 d - a scroll of enchant weapon {unknown}
 e - 4 scrolls of identify {unknown}
 f - a scroll of blinking {unknown}
 i - 3 scrolls of teleportation {unknown}
 j - 2 scrolls of magic mapping {unknown}
 n - a scroll of brand weapon {unknown}
 o - a scroll of vulnerability {unknown}
 q - a scroll of fear
 s - a scroll of amnesia {unknown}
 v - a scroll of noise {unknown}
 y - a scroll of poison {unknown}
Potions
 b - 2 potions of magic
 c - 5 potions of curing
 h - a potion of heal wounds
 m - a potion of brilliance {unknown}
 u - a potion of experience {unknown}
 x - a potion of might
 z - a potion of haste {unknown}
 A - 3 potions of mutation {unknown}


   Skills:
 + Level 3.5 Fighting
 + Level 4.8 Dodging
 - Level 5.0 Stealth
 + Level 4.9 Spellcasting
 + Level 3.5 Conjurations
 + Level 5.9 Ice Magic


You had 5 spell levels left.
You knew the following spells:

 Your Spells              Type           Power      Damage    Failure   Level
a - Freeze                Ice            100%       1d11      1%          1
b - Frozen Ramparts       Ice            54%        1d9       3%          3
c - Ozocubu's Armour      Ice            27%        N/A       3%          3
d - Hailstorm             Conj/Ice       22%        3d7       19%         4

Your spell library contained the following spells:

 Spells                   Type           Power      Damage    Failure   Level
 Inner Flame              Hex/Fire       4%         N/A       36%         3
 Cause Fear               Hex            2%         N/A       77%         4
 Discord                  Hex            2%         N/A       100%        8


Dungeon Overview and Level Annotations

Branches:
Dungeon (6/15)             Temple (0/1) D:6

Altars:
Ashenzari
Cheibriados
Fedhas
Sif Muna

Shops:
D:2 (   D:3 *   D:6 (


Innate Abilities, Weirdness & Mutations

You have large cloven feet.
You are mostly covered in sharp spines.
You regenerate magic rapidly.


Message History

The gnoll is moderately wounded.
You hit the gnoll sergeant. You hit the adder.
The adder bites you but does no damage. The gnoll is struck by your spines.
You kill the gnoll!
The gnoll sergeant hits you with a +0 trident.
The gnoll closely misses you. The gnoll hits you but does no damage.
The adder is struck by your spines. The adder bites you.
The gnoll hits you from afar with a +0 halberd!
* * * LOW HITPOINT WARNING * * *
The gnoll barely misses you.
The gnoll sergeant is struck by your spines.
The gnoll sergeant hits you but does no damage.
You barely miss the adder.
The adder is severely wounded.
You hit the gnoll sergeant but do no damage.
The adder is struck by your spines.
You kill the adder!
The gnoll misses you.
The gnoll sergeant is struck by your spines.
You kill the gnoll sergeant!
The gnoll barely misses you. The gnoll hits you with a +0 spear.
* * * LOW HITPOINT WARNING * * *
The gnoll barely misses you.
Things that are here:
a +0 whip; an adder corpse Unknown command.
You hit the gnoll but do no damage. Your kick misses the gnoll.
You hit the gnoll. The gnoll is struck by your spines.
You kill the gnoll!
The gnoll closely misses you. x2
Unknown command.
You barely miss the gnoll. You kick the gnoll, but do no damage.
The gnoll hits you with a +0 halberd.
* * * LOW HITPOINT WARNING * * *
Unknown command.
You slash the gnoll! Your kick misses the gnoll.
The gnoll is heavily wounded.
The gnoll is struck by your spines. The gnoll hits you with a +0 halberd.
You die...

## ### .## #.# #..
###.##### # #..
#.......# ..###..
#.≈.8.≈.# .......##
#.≈...≈.## #....))##
#.≈≈.≈≈.#.
#....@.######.≈≈.≈≈...
##..g)).......≈≈.≈≈..#
#.....####...≈≈_≈≈)..
#..##..# #...≈≈≈≈≈...
#..# ##.. #....≈≈≈....
.... #...##...........
... .................
## ...##............
..##.............


You could see a gnoll.

Vanquished Creatures
  A steam dragon (D:6)
  2 ogres (D:5)
  2 gnoll sergeants
  2 necrophages
  8 wights (D:6)
  A jelly (D:6)
  7 orc priests
  4 hounds
  3 iguanas (D:6)
  4 orc wizards
  Ijyb (D:3)
  8 gnolls
  7 adders
  A white imp (D:5)
  A worm (D:3)
  2 dart slugs
  14 orcs
  An endoplasm (D:4)
  2 giant cockroaches
  5 goblins
  7 hobgoblins
  4 jackals (D:2)
  5 kobolds
  7 quokkas
  7 ball pythons
  7 bats
  3 frilled lizards
  8 rats
124 creatures vanquished.

Notes
Turn   | Place    | Note
-------+----------+-------------------------------------------
     0 | D:1      | Ashen the Demonspawn Ice Elementalist began the quest for
                  | the Orb.
     0 | D:1      | Reached XP level 1. HP: 13/13 MP: 3/3
   351 | D:1      | Gained mutation: You are partially covered in sharp spines.
                  | [demonic ancestry]
   351 | D:1      | Reached XP level 2. HP: 17/19 MP: 1/5
  1250 | D:2      | Reached XP level 3. HP: 23/24 MP: 6/6
  1352 | D:2      | Found Peumilacra's Weapon Shoppe.
  1449 | D:2      | Found a faded altar of an unknown god.
  2033 | D:3      | Reached XP level 4. HP: 30/30 MP: 7/7
  2134 | D:3      | Gained mutation: You have large cloven feet. [demonic
                  | ancestry]
  2134 | D:3      | Reached XP level 5. HP: 5/35 MP: 4/9
  2770 | D:3      | Found Unoanau's General Store.
  2780 | D:3      | Bought a potion of heal wounds for 60 gold pieces
  2780 | D:3      | Bought a scroll of fear for 48 gold pieces
  2857 | D:3      | Noticed Ijyb
  2866 | D:3      | Killed Ijyb
  3687 | D:4      | Found a blossoming altar of Fedhas.
  3807 | D:4      | Gained mutation: You are mostly covered in sharp spines.
                  | [demonic ancestry]
  3807 | D:4      | Reached XP level 6. HP: 38/41 MP: 10/10
  4197 | D:5      | Entered Level 5 of the Dungeon
  4211 | D:5      | Learned a level 3 spell: Frozen Ramparts
  4215 | D:5      | Learned a level 3 spell: Ozocubu's Armour
  4220 | D:5      | Learned a level 4 spell: Hailstorm
  4325 | D:5      | Reached XP level 7. HP: 46/47 MP: 6/12
  4428 | D:5      | Reached skill level 1 in Conjurations
  4506 | D:5      | Reached skill level 1 in Fighting
  4914 | D:5      | Reached skill level 5 in Ice Magic
  5094 | D:5      | Found a broken altar of Ashenzari.
  5393 | D:6      | Found Imno's Antique Weapon Boutique.
  5513 | D:6      | Reached skill level 5 in Stealth
  5516 | D:6      | Gained mutation: You regenerate magic rapidly. [demonic
                  | ancestry]
  5516 | D:6      | Reached XP level 8. HP: 20/56 MP: 7/14
  5854 | D:6      | Found a snail-covered altar of Cheibriados.
  6336 | D:6      | Identified the +1 plate armour of Ashenzari's Fury {rPois
                  | rC- Dex+4}
  6339 | D:6      | Found a staircase to the Ecumenical Temple.
  6759 | D:6      | Found a shimmering blue altar of Sif Muna.
  6801 | D:6      | Slain by a gnoll

Illustrated notes

Levels and vault maps discovered:
D:1:      wander_arrival_lonely_grave, layout_basic, st_stairs_11,
          bh_walls_and_bars
D:2:      layout_loops_ring, hellmonk_ecumenical_altar_dog_temple, serial_shops,
          nicolae_shop_stone
D:3:      layout_basic, serial_shops, shop, uniq_ijyb
D:4:      layout_basic, fedhas_ov_isle_minmay, mainiacjoe_overflow_chevrons
D:5:      layout_gridville, general_overflow_altar, corexii_shack
D:6:      layout_layer_cave, lemuel_round_altar, mainiacjoe_overflow_catwalk,
          minmay_temple_entry_drinking_statues, serial_shops, nicolae_shop_stone

Skill      XL: |  1  2  3  4  5  6  7  8 |
---------------+-------------------------+-----
Stealth        | 2 3 4 5 |  5.0
Dodging        | 2 3 4 |  4.8
Ice Magic      | 4 5 |  5.9
Spellcasting   | 3 4 |  4.9
Conjurations   | 2 3 |  3.5
Fighting       | 2 3 |  3.5

Action                   |  1- 3 |  4- 6 |  7- 9 || total
-------------------------+-------+-------+-------++-------
Melee: Unarmed           |     4 |       |       ||     4
       Whip              |    16 |       |       ||    16
       Dagger            |    37 |    84 |    10 ||   131
       Punch             |     1 |       |     1 ||     2
       Kick              |       |    19 |    28 ||    47
       War axe           |       |       |    61 ||    61
 Cast: Freeze            |    21 |     7 |    12 ||    40
       Ozocubu's Armour  |       |     2 |     3 ||     5
       Frozen Ramparts   |       |     2 |     1 ||     3
Evoke: Wand              |       |     6 |    15 ||    21
  Use: Potion            |       |     3 |     3 ||     6
 Stab: Sleeping          |     4 |     4 |     3 ||    11
Armor: Robe              |     2 |    13 |    40 ||    55
       Leather armour    |    11 |     6 |       ||    17
Dodge: Dodged            |    49 |    43 |   110 ||   202
